 Dungeon Crawl Stone Soup version 0.29.1-1-gd02db6906a (webtiles) character file.

Game seed: 9671603115284963129

41 Iusername the Covered (level 3, 0/33 HPs)
             Began as a Minotaur Fighter on Sept 15, 2022.
             Slain by a gnoll
             ... wielding a +0 spear
              (6 damage)
             ... on level 2 of the Dungeon.
             The game lasted 00:02:55 (1412 turns).

Iusername the Covered (Minotaur Fighter)            Turns: 1412, Time: 00:02:56

Health: 0/33       AC: 13    Str: 22    XL:     3   Next: 32%
Magic:  0/2        EV:  6    Int:  5    God:
Gold:   79         SH:  4    Dex:  9    Spells: 2/2 levels left

rFire   . . .      SeeInvis .   a - +0 long sword
rCold   . . .      Faith    .   c - +0 buckler
rNeg    . . .      Spirit   .   i - +0 plate armour
rPois   .          Reflect  .   (helmet restricted)
rElec   .          Harm     .   (no cloak)
rCorr   .          Rampage  .   (no gloves)
Will    .....                   e - +0 pair of boots
Stlth   ..........              (no amulet)
HPRegen 0.11/turn               (no ring)
MPRegen 0.08/turn               (no ring)

@: mighty
A: horns 2, retaliatory headbutt
a: no special abilities


You were on level 2 of the Dungeon.
You visited 1 branch of the dungeon, and saw 2 of its levels.

You collected 79 gold pieces.

Inventory:

Hand Weapons
 a - a +0 long sword (weapon)
Missiles
 g - a throwing net (quivered)
Armour
 b - a +0 scale mail
 c - a +0 buckler (worn)
 e - a +0 pair of boots (worn)
 i - a +0 plate armour (worn)
Scrolls
 h - a scroll of poison {unknown}
Potions
 f - a potion of degeneration {unknown}


   Skills:
 + Level 4.2 Fighting
 + Level 3.0 Long Blades
 + Level 4.2 Armour
 + Level 4.1 Shields


You had 2 spell levels left.
You didn't know any spells.
Your spell library was empty.

Dungeon Overview and Level Annotations

Branches:
Dungeon (2/15)

Altars:

Shops:
D:1 =:?(


Innate Abilities, Weirdness & Mutations

You have a pair of horns on your head.
You reflexively headbutt those who attack you in melee.


Message History

The gnoll hits you but does no damage.
You hit the gnoll.
The gnoll is moderately wounded.
The gnoll hits you with a +0 antimagic flail!
You feel your power leaking away.
You hit the gnoll. You headbutt the gnoll!
You kill the gnoll!
The gnoll hits you but does no damage.
The gnoll hits you from afar with a +0 spear.
Your Long Blades skill increases to level 3!
The gnoll hits you from afar with a +0 halberd.
The gnoll closely misses you. You furiously retaliate!
You headbutt the gnoll. You completely miss the gnoll.
The gnoll is moderately wounded.
The gnoll hits you but does no damage. x2
You hit the gnoll. Your headbutt misses the gnoll.
The gnoll is heavily wounded.
The gnoll hits you from afar with a +0 halberd.
The gnoll hits you but does no damage. x2
You closely miss the gnoll. Your headbutt misses the gnoll.
The gnoll is heavily wounded.
The gnoll hits you with a +0 spear. You block the gnoll's attack. x2
The gnoll hits you with a +0 whip. The gnoll hits you but does no damage.
The gnoll hits you with a +0 spear.
You are too injured to fight recklessly!
You are too injured to fight recklessly!
You are too injured to fight recklessly!
You are too injured to fight recklessly!
You are too injured to fight recklessly!
You are too injured to fight recklessly!
You are too injured to fight recklessly!
You feel very mighty all of a sudden. The gnoll hits you with a +0 whip.
* * * LOW HITPOINT WARNING * * *
You block the gnoll's attack. The gnoll hits you but does no damage.
You slash the gnoll!
The gnoll is severely wounded.
The gnoll hits you but does no damage. You block the gnoll's attack.
The gnoll hits you with a +0 spear.
You die...

.)..#...##
#.###.###.#
######†##
#.........#
#.#
#####.#####
#.# #.# #+#
#.# #.# ##.##
#...## #.@).#
+....ggg.....
##...8...####
#..8.8..#
#.8._.8.#
#..8.8..#
#...8...#
#.......#


You could see 3 gnolls.

Vanquished Creatures
  A gnoll (D:2)
  A bat (D:1)
  An endoplasm (D:1)
  A giant cockroach (D:1)
  6 goblins (D:1)
  4 hobgoblins (D:1)
  2 jackals (D:1)
  A quokka (D:1)
  3 ball pythons
  A frilled lizard (D:2)
  4 kobolds (D:1)
  4 rats (D:1)
29 creatures vanquished.

Notes
Turn   | Place    | Note
-------+----------+-------------------------------------------
     0 | D:1      | Iusername the Minotaur Fighter began the quest for the Orb.
     0 | D:1      | Reached XP level 1. HP: 19/19 MP: 0/0
   143 | D:1      | Found Hidoaphi's Jewellery Shoppe.
   191 | D:1      | Reached XP level 2. HP: 26/27 MP: 1/1
   263 | D:1      | Found Ytifuc's Magic Scroll Boutique.
  1140 | D:1      | Found Doetsieq's Book Boutique.
  1147 | D:1      | Found Xoecrim's Weapon Shop.
  1158 | D:1      | Reached XP level 3. HP: 33/33 MP: 2/2
  1401 | D:2      | Found a faded altar of an unknown god.
  1412 | D:2      | Slain by a gnoll

Illustrated notes

Levels and vault maps discovered:
D:1:      eino_arrival_druids_welcome, layout_loops_ring, serial_shops, shop,
          nicolae_square_shop, shop, shop
D:2:      layout_loops_corners, basic_altar,
          chequers_ecumenical_altar_simple_redux, uniq_natasha

Skill      XL: |  1  2  3 |
---------------+----------+-----
Fighting       | 4 |  4.2
Armour         | 4 |  4.2
Shields        | 4 |  4.1
Long Blades    | 3 |  3.0

Action                   || total
-------------------------++-------
Melee: Long sword        ||    86
       Headbutt          ||     7
  Use: Potion            ||     1
Armor: Scale mail        ||    37
       Plate armour      ||    20
Dodge: Dodged            ||    36
Block: Buckler           ||    22
